 Dungeon Crawl Stone Soup version 0.29.1-12-g30fa7ad0bf (webtiles) character file.

Game seed: 6934412598330296243

197 Radix the Grave Robber (level 5, 0/31 HPs)
             Began as a Vampire Necromancer on Dec 13, 2022.
             Shot with an arrow by a centaur (12 damage)
             ... on level 4 of the Dungeon.
             The game lasted 00:31:06 (3399 turns).

Radix the Grave Robber (Vampire Necromancer)        Turns: 3399, Time: 00:31:06

Health: 0/31       AC:  9    Str:  7    XL:     5   Next: 46%
Magic:  7/11       EV: 12    Int: 19    God:
Gold:   129        SH:  0    Dex: 15    Spells: 7/12 levels left

rFire   . . .      SeeInvis +   s - +2 dagger (drain)
rCold   . . .      Faith    .   (no shield)
rNeg    . . .      Spirit   .   a - +0 robe
rPois   .          Reflect  .   q - +2 helmet
rElec   .          Harm     .   (no cloak)
rCorr   .          Rampage  .   (no gloves)
Will    .....                   (no boots)
Stlth   ++........              (no amulet)
HPRegen 0.30/turn               e - +4 ring of protection
MPRegen 0.12/turn               o - ring of flight

@: flying, healing quickly
A: alive, fangs 3, see invisible, vampiric 2, [frail 1]
a: Exsanguinate


You were on level 4 of the Dungeon.
You visited 1 branch of the dungeon, and saw 4 of its levels.

You collected 129 gold pieces.

Inventory:

Hand Weapons
 d - a +0 spear
 p - a +1 dagger of venom
 s - a +2 dagger of draining (weapon)
Missiles
 c - 5 curare-tipped darts
 y - a throwing net
Armour
 a - a +0 robe (worn)
 m - a +0 kite shield
 q - a +2 helmet (worn)
Jewellery
 e - a +4 ring of protection (left hand)
 o - a ring of flight (right hand)
 u - a +6 ring of dexterity
 x - a ring of protection from fire
Wands
 n - a wand of flame (21) (quivered)
 r - a wand of polymorph (5)
Scrolls
 f - a scroll of immolation {unknown}
 g - 4 scrolls of teleportation {unknown}
 j - a scroll of blinking {unknown}
 k - 7 scrolls of identify {unknown}
 t - a scroll of fog {unknown}
 v - a scroll of magic mapping {unknown}
 w - a scroll of enchant armour {unknown}
Potions
 b - a potion of magic
 h - 2 potions of heal wounds {unknown}
 i - a potion of lignification {unknown}
 l - 5 potions of curing {unknown}
 z - a potion of berserk rage {unknown}


   Skills:
 - Level 2.1 Dodging
 - Level 3.0 Stealth
 + Level 4.0 Spellcasting
 + Level 6.1 Necromancy


You had 7 spell levels left.
You knew the following spells:

 Your Spells              Type           Power      Damage    Failure   Level
a - Necrotise             Necr           100%       1d9       1%          1
b - Animate Dead          Necr           27%        N/A       11%         4

Your spell library contained the following spells:

 Spells                   Type           Power      Damage    Failure   Level
 Vampiric Draining        Necr           27%        2d7       3%          3
 Blink                    Tloc           6%         N/A       21%         2
 Poisonous Vapours        Pois/Air       6%         N/A       21%         2
 Agony                    Necr           27%        N/A       30%         5
 Corpse Rot               Necr/Pois/Air  11%        N/A       52%         4
 Manifold Assault         Tloc           3%         N/A       98%         5
 Haunt                    Necr/Summ      7%         N/A       100%        7
 Storm Form               Tmut/Air       1%         N/A       100%        7
 Infestation              Necr           13%        N/A       100%        8


Dungeon Overview and Level Annotations

Branches:
Dungeon (4/15)
 Temple: D:4-7

Altars:
Hepliaklqana
Nemelex Xobeh
Uskayaw

Annotations:
D:2 1 runed translucent door, Crazy Yiuf


Innate Abilities, Weirdness & Mutations

Your natural rate of healing is accelerated.
You have razor-sharp teeth.
You have supernaturally acute eyesight. (SInv)
You are afflicted with vampirism and can become a bat while bloodless.
[You are frail. (-10% HP)]


Message History

Magic restored.
There is an open door here.
You hear the hiss of a distant avalanche of sand.
Found a stone.
A centaur comes into view.
You sense an unholy aura.
s - a +2 dagger of draining (weapon)
You see here a stone.
The centaur shouts!
The centaur wields a +0 shortbow.
The centaur shoots an arrow.
The arrow hits you.
Casting: Necrotise (safe; 1% risk of failure)
Confirm with . or Enter, or press ? or * to list all spells.
Aiming: Necrotise (safe; 1% risk of failure)
Press: ? - help, Shift-Dir - straight line, f - centaur
Aim: a centaur, wielding a +0 shortbow (chance to affect: 83%)
The centaur writhes in agony.
The centaur shoots an arrow.
The arrow closely misses you.
Casting: Necrotise (safe; 1% risk of failure)
Confirm with . or Enter, or press ? or * to list all spells.
Aiming: Necrotise (safe; 1% risk of failure)
Press: ? - help, Shift-Dir - straight line, f/p - centaur
Aim: a centaur, wielding a +0 shortbow (lightly wounded, chance to affect: 83%)
The centaur writhes in agony.
The centaur shoots an arrow.
The arrow misses you.
The centaur shoots an arrow.
The arrow hits you!
Casting: Necrotise (safe; 1% risk of failure)
Confirm with . or Enter, or press ? or * to list all spells.
Aiming: Necrotise (safe; 1% risk of failure)
Press: ? - help, Shift-Dir - straight line, f/p - centaur
Aim: a centaur, wielding a +0 shortbow (heavily wounded, chance to affect: 83%)
The centaur writhes in agony.
The centaur shoots an arrow.
The arrow hits you but does no damage.
Casting: Necrotise (safe; 1% risk of failure)
Confirm with . or Enter, or press ? or * to list all spells.
Aiming: Necrotise (safe; 1% risk of failure)
Press: ? - help, Shift-Dir - straight line, f/p - centaur
Aim: a centaur, wielding a +0 shortbow (heavily wounded, chance to affect: 83%)
The centaur writhes in agony!
The centaur shoots an arrow.
The arrow hits you.
The centaur shoots an arrow.
The arrow hits you!
You die...

..... .....####
#.......# +.......#
#..c....# #.......#
#.......#
#......@################
######.........(........
#...#..................
#...#..................
#...#..................
#...#..................
#...#..................
#...#..................
#...###################


You could see a centaur.

Vanquished Creatures
  A hound (D:4)
  Robin (D:3)
  8 adders
  6 ball pythons
  7 bats
  5 endoplasms
  A giant cockroach (D:3)
  8 hobgoblins
  6 kobolds
  A quokka (D:3)
  3 frilled lizards
  16 goblins
  6 rats
69 creatures vanquished.

Vanquished Creatures (collateral kills)
  An adder (D:4)
  A ball python (D:1)
  2 goblins
  A rat (D:3)
5 creatures vanquished.

Vanquished Creatures (others)
  2 fungi (D:2)
2 creatures vanquished.

Grand Total: 76 creatures vanquished

Notes
Turn   | Place    | Note
-------+----------+-------------------------------------------
     0 | D:1      | Radix the Vampire Necromancer began the quest for the Orb.
     0 | D:1      | Reached XP level 1. HP: 13/13 MP: 3/3
   310 | D:1      | Reached XP level 2. HP: 19/19 MP: 3/5
  1129 | D:2      | Found a faded altar of an unknown god.
  1142 | D:2      | Gained mutation: You are afflicted with vampirism and can
                  | become a bat while bloodless. [Vampire growth]
  1142 | D:2      | Reached XP level 3. HP: 19/19 MP: 7/7
  1155 | D:2      | Reached skill level 5 in Necromancy
  1216 | D:2      | Found a hazy altar of Hepliaklqana.
  1704 | D:2      | Found a runed translucent door.
  1705 | D:2      | Noticed Crazy Yiuf
  1920 | D:3      | Noticed Robin
  1933 | D:3      | Killed Robin
  1990 | D:3      | Reached XP level 4. HP: 9/24 MP: 5/8
  2467 | D:3      | Learned a level 4 spell: Animate Dead
  2731 | D:3      | Found a sparkling altar of Nemelex Xobeh.
  2742 | D:3      | Found a hide-covered altar of Uskayaw.
  2980 | D:3      | Reached XP level 5. HP: 31/31 MP: 10/10
  3281 | D:4      | Noticed a phantom
  3298 | D:4      | Reached skill level 6 in Necromancy
  3368 | D:4      | Noticed a centaur
  3399 | D:4      | Shot with an arrow by a centaur

Illustrated notes

Levels and vault maps discovered:
D:1:      dpeg_arrival_rhombi, layout_loops_corners
D:2:      layout_loops_ring, basic_ecumenical_altar, basic_altar,
          uniq_crazy_yiuf_cottage
D:3:      layout_loops_cross, amethyst_overflow_temple_binary,
          corexii_item_surrounded_by_moat, uniq_robin
D:4:      layout_gridville, nicolae_ossuary_entry_giza

Skill      XL: |  1  2  3  4  5 |
---------------+----------------+-----
Necromancy     | 5 6 |  6.1
Spellcasting   | 3 4 |  4.0
Dodging        | |  2.1
Stealth        | |  3.0

Action                   |  1- 3 |  4- 6 || total
-------------------------+-------+-------++-------
Melee: Unarmed           |     5 |       ||     5
       Spear             |    76 |     8 ||    84
       Bite              |     9 |     1 ||    10
       Punch             |     1 |       ||     1
       Dagger            |       |    32 ||    32
 Cast: Necrotise         |    30 |    33 ||    63
 Abil: Exsanguinate      |     1 |       ||     1
       End Transformatio |     1 |       ||     1
       Bat Form          |     1 |       ||     1
       Revivify          |       |     1 ||     1
 Stab: Sleeping          |     7 |     1 ||     8
Armor: Robe              |    26 |    26 ||    52
Dodge: Dodged            |    53 |    32 ||    85
